 Dungeon Crawl Stone Soup version 0.29.1-1-gd02db6906a (webtiles) character file.

Game seed: 10548879546372715734

290 hawla the Gusty (level 6, -6/47 HPs)
             Began as a Meteoran Air Elementalist on Oct 17, 2022.
             Was a Follower of Vehumet.
             Mangled by TheGhostDragon952's ghost (9 damage)
             ... on level 4 of the Dungeon.
             The game lasted 00:09:44 (2060 turns).

hawla the Gusty (Meteoran Air Elementalist)         Turns: 2060, Time: 00:09:46

Health: -6/47      AC:  4    Str:  9    XL:     6   Next: 90%
Magic:  6/12       EV: 13    Int: 19    God:    Vehumet [*.....]
Gold:   135        SH:  0    Dex: 15    Spells: 5/12 levels left

rFire   . . .      SeeInvis .   g - staff of poison
rCold   . . .      Faith    .   (no shield)
rNeg    . . .      Spirit   .   a - +0 robe
rPois   +          Reflect  .   (no helmet)
rElec   .          Harm     .   (no cloak)
rCorr   .          Rampage  .   h - +0 pair of gloves
Will    .....                   c - +0 pair of boots
Stlth   +.........              (no amulet)
HPRegen 0.15/turn               (no ring)
MPRegen 0.13/turn               (no ring)

@: glowing
A: sense surroundings 1, otherworldly, glowing, explore regen
a: Renounce Religion


You were on level 4 of the Dungeon.
You worshipped Vehumet.
Vehumet was aware of your devotion.
You visited 2 branches of the dungeon, and saw 5 of its levels.

You collected 135 gold pieces.

Inventory:

Armour
 a - a +0 robe (worn)
 c - a +0 pair of boots (worn)
 h - a +0 pair of gloves (worn)
Magical Staves
 g - a staff of poison (weapon)
Scrolls
 d - 2 scrolls of enchant weapon
 j - 2 scrolls of identify {unknown}
 k - a scroll of magic mapping {unknown}
 l - a scroll of summoning {unknown}
Potions
 e - a potion of flight {unknown}
 f - 2 potions of might {unknown}
 i - 2 potions of curing {unknown}


   Skills:
 + Level 1.1 Fighting
 + Level 1.3 Staves
 + Level 3.2 Dodging
 - Level 1.4 Stealth
 + Level 3.6 Spellcasting
 + Level 2.1 Conjurations
 + Level 6.0 Air Magic
 + Level 2.0 Poison Magic
 + Level 2.0 Evocations


You had 5 spell levels left.
You knew the following spells:

 Your Spells              Type           Power      Damage    Failure   Level
a - Shock                 Conj/Air       76%        1d7       2%          1
b - Static Discharge      Conj/Air       19%        3-6/arc   4%          2
c - Airstrike             Air            13%        2d(2-18)  12%         4

Your spell library contained the following spells:

 Spells                   Type           Power      Damage    Failure   Level
 Freeze                   Ice            12%        1d4       14%         1
 Swiftness                Air            26%        N/A       3%          3


Dungeon Overview and Level Annotations

Branches:
Dungeon (4/15) Zot: 469    Temple (1/1) D:4 Zot: 453

Altars:
Gozag
Kikubaaqudgha
Makhleb
Qazlal
Ru
Sif Muna
Vehumet
Yredelemnul
The Shining One

Shops:
D:1 [

Annotations:
D:4 Sabo's ghost, amateur OpEE; TheGhostDragon952's ghost, amateur MiBe; bakla's ghost, amateur NaVM


Innate Abilities, Weirdness & Mutations

You passively map a small area around you.
You are easily found by Zot.
You glow in the dark.
You regain HP and MP as you explore.


Message History

The blast of sand misses you.
TheGhostDragon952's ghost barely misses you.
Bakla's ghost hits you but does no damage.
Casting: Static Discharge (safe; 4% risk of failure)
Confirm with . or Enter, or press ? or * to list all spells.
Bakla's ghost is struck by an arc of lightning.
Bakla's ghost is heavily damaged.
TheGhostDragon952's ghost is struck by an arc of lightning!
TheGhostDragon952's ghost is moderately damaged.
You are struck by an arc of lightning.
Sabo's ghost is struck by an arc of lightning.
Sabo's ghost is moderately damaged.
The lightning grounds out.
TheGhostDragon952's ghost closely misses you.
Bakla's ghost gestures at you while chanting.
The sting hits you.
You are poisoned.
You partially resist.
Casting: Static Discharge (safe; 4% risk of failure)
Confirm with . or Enter, or press ? or * to list all spells.
TheGhostDragon952's ghost is struck by an arc of lightning.
TheGhostDragon952's ghost is heavily damaged.
Sabo's ghost is struck by an arc of lightning.
Sabo's ghost is heavily damaged.
Bakla's ghost is struck by an arc of lightning.
Bakla's ghost is severely damaged.
Sabo's ghost is struck by an arc of lightning.
Sabo's ghost is heavily damaged.
The lightning grounds out.
You feel sick. Sabo's ghost barely misses you.
TheGhostDragon952's ghost hits you!
* * * LOW HITPOINT WARNING * * *
Bakla's ghost closely misses you.
As you read the scroll labelled KOUFEU XONKI, it crumbles to dust.
The creatures around you are filled with an inner flame!
It was a scroll of immolation.
You feel sick.
You are no longer poisoned.
Sabo's ghost hits you.
* * * LOW HITPOINT WARNING * * *
x2 TheGhostDragon952's ghost hits you!
You die...

###...###.#.#######......###
###..>....#.###..8?)##.....#
####
............##8.....8##....#
#...
.##........##$...)...?#....#
#.##
.####......##♣.......♣#....#
#.# .#
#...#.#.#⌠.......⌠#....# #.#
.# ####.####♣.......♣#....#
#.# .# ##.#.####WW'####....#
#.# .# ##......@W...#####†#
#.## .# ###.#.......# #.#
#.## .# #.###..#### #.# #.#.
## ##.###.#########.# #...
#................# ###.
#..#.#####[####### ## #..#.#
#.# # ########..#.# #.# #
#...........## #.# #


You could see Sabo's ghost (inner flame), TheGhostDragon952's ghost (inner
flame) and bakla's ghost (inner flame).

Vanquished Creatures
  3 orc priests (D:4)
  A gnoll bouda (D:4)
  An orc wizard (D:4)
  Robin (D:4)
  2 adders (D:2)
  3 gnolls (D:4)
  A worm (D:4)
  A dart slug (D:1)
  6 orcs (D:4)
  5 ball pythons
  3 bats (D:2)
  7 endoplasms
  2 giant cockroaches (D:1)
  8 goblins
  15 hobgoblins
  2 jackals (D:2)
  6 kobolds
  A quokka (D:4)
  3 frilled lizards
  2 rats
73 creatures vanquished.

Vanquished Creatures (others)
  2 fungi (D:1)
  3 plants (D:1)
5 creatures vanquished.

Grand Total: 78 creatures vanquished

Notes
Turn   | Place    | Note
-------+----------+-------------------------------------------
     0 | D:1      | hawla the Meteoran Air Elementalist began the quest for the
                  | Orb.
     0 | D:1      | Reached XP level 1. HP: 14/14 MP: 5/5
   151 | D:1      | Reached XP level 2. HP: 17/20 MP: 1/6
   193 | D:1      | Learned a level 2 spell: Static Discharge
   268 | D:1      | Found Herhui's Armour Shop.
   349 | D:1      | Reached XP level 3. HP: 25/27 MP: 5/8
   422 | D:1      | Found a faded altar of an unknown god.
   498 | D:1      | Glimpsed the power of Zot.
   815 | D:2      | Reached skill level 1 in Poison Magic
   815 | D:2      | Reached skill level 1 in Evocations
   815 | D:2      | Reached XP level 4. HP: 33/34 MP: 6/9
   820 | D:2      | Learned a level 4 spell: Airstrike
  1092 | D:2      | Glimpsed the power of Zot.
  1142 | D:2      | Glimpsed the power of Zot.
  1201 | D:3      | You fall into a shaft and drop 1 floor!
  1203 | D:4      | Found a runed translucent gate.
  1204 | D:4      | Found a runed translucent gate.
  1204 | D:4      | Found a runed translucent gate.
  1212 | D:4      | Noticed Sabo's ghost (amateur OpEE)
  1212 | D:4      | Noticed bakla's ghost (amateur NaVM)
  1212 | D:4      | Noticed TheGhostDragon952's ghost (amateur MiBe)
  1386 | D:4      | Noticed Robin
  1389 | D:4      | Reached skill level 4 in Air Magic
  1405 | D:4      | Killed Robin
  1406 | D:4      | Reached XP level 5. HP: 20/39 MP: 1/10
  1423 | D:4      | Found a staircase to the Ecumenical Temple.
  1439 | Temple   | Entered the Ecumenical Temple
  1572 | Temple   | Became a worshipper of Vehumet
  1619 | D:4      | Reached skill level 5 in Air Magic
  1622 | D:4      | Reached XP level 6. HP: 19/46 MP: 5/11
  1826 | D:4      | Reached skill level 1 in Fighting
  1829 | D:4      | Reached skill level 1 in Staves
  1949 | D:4      | Reached * piety under Vehumet
  1949 | D:4      | Offered knowledge of Freeze by Vehumet.
  1950 | D:4      | Reached skill level 6 in Air Magic
  2060 | D:4      | Mangled by TheGhostDragon952's ghost

Illustrated notes

Levels and vault maps discovered:
D:1:      nagdon_arrival_double_spiral, layout_loops_ring, serial_shops,
          nicolae_square_shop, shapermc_ecumenical_altar_mp_urbaneastern,
          serial_park_tiny_pond, serial_bayou_pond_a
D:2:      layout_loops_corners, minmay_crystal_water
D:3:      layout_loops_ring
D:4:      layout_loops_ring, minmay_temple_entry_junction,
          gammafunk_ghost_cemetery, uniq_robin
Temple:   nicolae_temple_figure_zero

Skill      XL: |  1  2  3  4  5  6 |
---------------+-------------------+-----
Dodging        | 3 |  3.2
Spellcasting   | 3 |  3.6
Poison Magic   | 1 2 |  2.0
Evocations     | 1 2 |  2.0
Air Magic      | 4 5 6 |  6.0
Fighting       | 1 |  1.1
Staves         | 1 |  1.3
Conjurations   | 2 |  2.1
Stealth        | |  1.4

Action                   |  1- 3 |  4- 6 || total
-------------------------+-------+-------++-------
Melee: Unarmed           |    15 |       ||    15
       Staff             |    22 |    68 ||    90
       Punch             |       |     1 ||     1
 Cast: Shock             |    22 |    29 ||    51
       Static Discharge  |    13 |    27 ||    40
       Airstrike         |       |     1 ||     1
  Use: Scroll            |       |     6 ||     6
       Potion            |       |     1 ||     1
Armor: Robe              |    22 |    22 ||    44
Dodge: Dodged            |    33 |    53 ||    86
